 Dungeon Crawl Stone Soup version 0.25.0-46-gbd7b0854d2 (webtiles) character file.

Game seed: 6584514383897511520

4365 Ethylacetat the Zephyrmancer (level 10, 0/63 HPs)
             Began as an Octopode Air Elementalist on July 15, 2020.
             Was a Believer of Vehumet.
             Slain by a hog (8 damage)
             ... on level 8 of the Dungeon.
             The game lasted 00:21:30 (8578 turns).

Ethylacetat the Zephyrmancer (OpAE)                 Turns: 8578, Time: 00:21:30

Health: 0/63       AC: 12    Str:  7    XL:     10   Next: 34%
Magic:  5/27       EV: 13    Int: 21    God:    Vehumet [**....]
Gold:   438        SH:  0    Dex: 15    Spells: 15/20 levels left

rFire    . . .     SeeInvis .   C - +8 scimitar of the Establishment {protect, +Rage Dex+2}
rCold    . . .     Gourm    .   (no shield)
rNeg     . . .     Faith    +   (helmet restricted)
rPois    +         Spirit   .   u - amulet of faith
rElec    .         Reflect  .   c - ring of poison resistance
rCorr    .         Harm     .   y - ring of magical power
MR       .....                  n - +4 ring of protection
Stlth    ++++......             B - ring of stealth
HPRegen  0.20/turn              (no ring)
MPRegen  0.20/turn              (no ring)
                                (no ring)
                                (no ring)

@: protection aura
A: almost no armour, stealthy swim, amphibious, 8 rings, constrict 8, camouflage
1, gelatinous body 1
a: Renounce Religion, Evoke Berserk Rage


You were on level 8 of the Dungeon.
You worshipped Vehumet.
Vehumet was pleased with you.
You were very hungry.

You visited 2 branches of the dungeon, and saw 9 of its levels.

You collected 438 gold pieces.

Inventory:

Hand Weapons
 C - the +8 scimitar of the Establishment (weapon) {protect, +Rage Dex+2}
   (You found it on level 5 of the Dungeon)

   It grants its wielder temporary protection when it strikes (+7 to AC).
   It affects your dexterity (+2).
   It lets you go berserk.
Missiles
 l - a throwing net (quivered)
Jewellery
 c - a ring of poison resistance (left tentacle)
 n - a +4 ring of protection (on tentacle)
 u - an amulet of faith (around mantle)
 y - a ring of magical power (right tentacle)
 B - a ring of stealth (on tentacle)
Wands
 t - a wand of polymorph (12)
 v - a wand of random effects (19)
 z - a wand of paralysis (7)
 E - a wand of acid (8)
Scrolls
 d - 5 scrolls of amnesia {unknown}
 f - 8 scrolls of teleportation {unknown}
 g - 6 scrolls of identify {unknown}
 h - 2 scrolls of noise {unknown}
 k - 6 scrolls of enchant armour {unknown}
 m - 3 scrolls of enchant weapon {unknown}
 q - 6 scrolls of remove curse {unknown}
 r - 3 scrolls of immolation {unknown}
 s - a scroll of fear {unknown}
 w - 2 scrolls of blinking {unknown}
 H - a scroll of magic mapping {unknown}
Potions
 a - 3 potions of heal wounds
 e - 2 potions of might {unknown}
 i - 2 potions of magic {unknown}
 j - 3 potions of stabbing {unknown}
 o - a potion of curing
 p - 4 potions of mutation {unknown}
 x - 2 potions of haste {unknown}
 A - 2 potions of invisibility {unknown}
 F - 4 potions of lignification {unknown}
Comestibles
 b - 16 rations
 D - 3 chunks of flesh


   Skills:
 + Level 3.8 Fighting
 + Level 3.8 Long Blades
 - Level 2.0 Dodging
 - Level 2.6 Stealth
 + Level 5.5 Spellcasting
 * Level 8.2 Conjurations
 * Level 8.8 Air Magic
 + Level 4.2 Evocations


You had 15 spell levels left.
You knew the following spells:

 Your Spells              Type           Power        Failure   Level  Hunger
a - Shock                 Conj/Air       ####         1%          1    None
b - Airstrike             Air            #####.....   2%          4    ####...

Your spell library contained the following spells:

 Spells                   Type           Power        Failure   Level  Hunger
 Sandblast                Erth           #.....       11%         1    None
 Static Discharge         Conj/Air       #####...     1%          3    ##.....
 Swiftness                Chrm/Air       ###.....     2%          2    None
 Lightning Bolt           Conj/Air       #####.....   9%          5    #####..


Dungeon Overview and Level Annotations

Branches:
Dungeon (8/15)             Temple (1/1) D:4
   Lair: D:8-11

Altars:
Ashenzari
Cheibriados
Dithmenos
Elyvilon
Fedhas
Gozag
Hepliaklqana
Kikubaaqudgha
Makhleb
Nemelex Xobeh
Okawaru
Qazlal
Ru
Sif Muna
Trog
Uskayaw
Vehumet
Wu Jian
Xom
Yredelemnul
Zin
The Shining One

Annotations:
D:5 2 runed translucent doors, Ethylacetat's ghost, novice OpTm


Innate Abilities, Weirdness & Mutations

You cannot wear most types of armour.
You are very stealthy in the water. (Stealth+)
You are amphibious.
You can wear up to eight rings at the same time.
You can use your tentacles to constrict eight enemies at once.
Your skin changes colour to match your surroundings (Stealth+).
Your rubbery body absorbs attacks. (AC +1, EV +1)


Message History

The hog bites you but does no damage. The hog misses you.
The hog bites you but does no damage.
There is an open door, spattered with blood here.
Items here: ) [ †† a +0 hand axe; a +0 animal skin; a hog corpse; a human corpse The hog bites you but does no damage.
The hog bites you. The hog bites you! The hog bites you. The hog bites you.
You closely miss the hog. Your grab misses the hog. You squeeze the hog!
The hog is moderately wounded.
The hog bites you. The hog bites you! x3
You slash the hog!
Your weapon exudes an aura of protection.
You grab the hog.
The hog is heavily wounded.
You constrict the hog, but do no damage.
The hog bites you!
* * * LOW HITPOINT WARNING * * *
The hog bites you!
You die...

##### ########### #....
#......<..# #.... #.....hh..#
#.... #.....@#)## #####....
#######
#...)..#..#..##...#....
#.....#
#......#..#.)#.........
#.....#
#.....)#..'..#....#....
#.....#
#......#%.#..#.........
###..##
#...)..#%%#..#^........ #..##
##.....#######.#....... #...#
#......>...............
#.#.###............###..#####


You could see 2 hogs.

Vanquished Creatures
  A two-headed ogre (D:8)
  A cyclops (D:8)
  Joseph (D:8)
  A yak (D:8)
  A human (D:8)
  A hog (D:8)
  A water moccasin (D:8)
  An ice beast (D:5)
  2 orc warriors (D:6)
  A necrophage (D:7)
  2 ogres
  2 centaurs
  3 phantoms
  Blork the orc (D:6)
  3 bullfrogs
  A scorpion (D:5)
  3 wights (D:7)
  A howler monkey (D:5)
  3 crimson imps
  A jelly (D:6)
  8 hounds
  A bullfrog skeleton (D:5)
  3 orc priests
  3 orc wizards
  4 iguanas
  6 worker ants
  A hound skeleton (D:3)
  A worker ant zombie (D:7)
  3 gnolls (D:2)
  5 adders
  A shadow imp (D:8)
  An ooze (D:3)
  An adder skeleton (D:5)
  9 dart slugs
  5 leopard geckos
  32 orcs
  5 giant cockroaches
  3 goblins
  4 hobgoblins
  13 jackals
  5 kobolds
  A ball python (D:1)
  7 bats
  6 frilled lizards
  A jackal skeleton (D:7)
  A leopard gecko zombie (D:6)
  A quokka skeleton (D:8)
  A quokka zombie (D:5)
  8 rats
171 creatures vanquished.

Notes
Turn   | Place    | Note
-------+----------+-------------------------------------------
     0 | D:1      | Ethylacetat the Octopode Air Elementalist began the quest
                  | for the Orb.
     0 | D:1      | Reached XP level 1. HP: 11/11 MP: 3/3
   369 | D:1      | Reached XP level 2. HP: 12/17 MP: 0/5
   844 | D:1      | Reached XP level 3. HP: 21/21 MP: 3/6
  1385 | D:2      | Reached XP level 4. HP: 2/27 MP: 7/7
  1695 | D:2      | Noticed an earth elemental
  1697 | D:2      | Found a stormy altar of Qazlal.
  1699 | D:2      | Noticed a water elemental
  1720 | D:2      | Noticed an air elemental
  1720 | D:2      | Noticed a fire elemental
  1897 | D:2      | Found a shattered altar of Ashenzari.
  2287 | D:3      | Reached XP level 5. HP: 16/31 MP: 2/9
  3065 | D:3      | Reached XP level 6. HP: 20/36 MP: 10/10
  3591 | D:4      | Noticed a phantom
  3660 | D:4      | Killed a phantom
  3660 | D:4      | Reached skill level 5 in Air Magic
  4321 | D:4      | Found a sparkling altar of Nemelex Xobeh.
  4329 | D:4      | Found a hide-covered altar of Uskayaw.
  4329 | D:4      | Found a white marble altar of Elyvilon.
  4335 | D:4      | Reached XP level 7. HP: 41/41 MP: 12/12
  4397 | D:4      | Found a burning altar of Makhleb.
  4438 | D:4      | Noticed an Executioner
  4441 | D:4      | Noticed a ynoxinul
  4441 | D:4      | Noticed an orange demon
  4483 | D:4      | Found a staircase to the Ecumenical Temple.
  4489 | Temple   | Entered the Ecumenical Temple
  4564 | Temple   | Became a worshipper of Vehumet
  4608 | D:5      | Entered Level 5 of the Dungeon
  4913 | D:5      | Found a runed translucent door.
  4915 | D:5      | Noticed Ethylacetat's ghost (novice OpTm)
  4954 | D:5      | Reached skill level 5 in Conjurations
  5598 | D:5      | Reached XP level 8. HP: 46/46 MP: 13/13
  5651 | D:5      | Got an ivory scimitar
  5652 | D:5      | Identified the +8 scimitar of the Establishment {protect,
                  | +Rage Dex+2} (You found it on level 5 of the Dungeon)
  5676 | D:5      | Found a runed translucent door.
  6013 | D:6      | Noticed Blork the orc
  6020 | D:6      | Killed Blork the orc
  6108 | D:6      | Reached skill level 1 in Fighting
  6108 | D:6      | Reached skill level 1 in Evocations
  6244 | D:6      | Reached * piety under Vehumet
  6244 | D:6      | Offered knowledge of Magic Dart by Vehumet.
  6350 | D:6      | Reached skill level 1 in Long Blades
  7145 | D:7      | Reached XP level 9. HP: 47/54 MP: 15/15
  7211 | D:7      | Found a white marble altar of Elyvilon.
  7582 | D:7      | Found a shimmering blue altar of Sif Muna.
  7769 | D:7      | Learned a level 4 spell: Airstrike
  7797 | D:8      | Offered knowledge of Sandblast by Vehumet.
  7799 | D:8      | Reached ** piety under Vehumet
  7980 | D:8      | Noticed a two-headed ogre
  7984 | D:8      | Killed a two-headed ogre
  7984 | D:8      | Reached skill level 5 in Spellcasting
  8279 | D:8      | Noticed a cyclops
  8279 | D:8      | Noticed Joseph
  8284 | D:8      | Killed a cyclops
  8284 | D:8      | Reached XP level 10. HP: 63/63 MP: 10/17
  8293 | D:8      | Killed Joseph
  8578 | D:8      | Slain by a hog

Illustrated notes

Levels and vault maps discovered:
D:1:      dpeg_arrival_tiny_f, layout_rooms, minmay_3d_cube
D:2:      layout_rooms, nicolae_overflow_hidden_temple,
          nicolae_qazlal_style_of_elements
D:3:      kennysheep_slugbush, layout_basic, grunt_decor_one_mirror,
          due_unseen_surprise
D:4:      layout_rooms, gammafunk_temple_overflow_forgotten,
          minmay_temple_entry_fiery, first_ration, makhleb_altar_promises_db
D:5:      layout_basic, ebering_ghost_sewer_f
D:6:      layout_gridville, uniq_blork_the_orc
D:7:      layout_loops_ring, basic_altar, serial_park_tiny_pond,
          lemuel_blue_sif_altar
D:8:      layout_rooms, grunt_livestock, uniq_joseph
Temple:   compressed_dpeg_circular_temple

Skill      XL: |  1  2  3  4  5  6  7  8  9 10 |
---------------+-------------------------------+-----
Conjurations   | 2 3 4 5 6 7 8 |  8.2
Air Magic      | 4 5 6 7 8 |  8.8
Spellcasting   | 3 4 5 |  5.5
Fighting       | 2 3 |  3.8
Evocations     | 2 3 4 |  4.2
Long Blades    | 1 3 |  3.8
Dodging        | |  2.0
Stealth        | |  2.6

Action                   |  1- 3 |  4- 6 |  7- 9 | 10-12 || total
-------------------------+-------+-------+-------+-------++-------
Melee: Unarmed           |    28 |       |       |       ||    28
       Constrict         |    12 |    25 |    34 |     4 ||    75
       Tentacles         |     7 |    11 |    20 |     4 ||    42
       Hand axe          |    13 |    83 |    36 |       ||   132
       Dagger            |       |     8 |       |       ||     8
       Scimitar          |       |       |   102 |    15 ||   117
 Cast: Shock             |    29 |    25 |    60 |       ||   114
       Airstrike         |       |       |    13 |    13 ||    26
Evoke: Wand              |       |       |     3 |       ||     3
  Use: Potion            |       |       |     1 |       ||     1
 Stab: Sleeping          |     5 |    12 |     7 |       ||    24
  Eat: Chunk             |     2 |     8 |    15 |     2 ||    27
Armor: Skin              |     5 |     9 |    46 |     5 ||    65
Dodge: Dodged            |    42 |    56 |   118 |    13 ||   229
       Rpst.: Scimitar   |       |       |    30 |     4 ||    34
